 Dungeon Crawl Stone Soup version 0.25.1-9-gc5326a611f (webtiles) character file.

Game seed: 1288751146819597940

3682 eugo the Fighter (level 9, -8/88 (89) HPs)
             Began as a Minotaur Berserker on Dec 27, 2020.
             Was an Elder of Trog.
             Mangled by a two-headed ogre
             ... wielding a +0 giant club
              (9 damage)
             ... on level 12 of the Dungeon.
             The game lasted 00:41:41 (8439 turns).

eugo the Fighter (Minotaur Berserker)               Turns: 8439, Time: 00:41:42

HP:   -8/88 (89)    AC: 13    Str: 26    XL:     9   Next: 90%
MP:   8/8           EV: 10    Int:  5    God:    Trog [****..]
Gold: 304           SH:  0    Dex: 10    Spells: 8/8 levels left

rFire    . . .     SeeInvis +   b - +9 trident "Foap" {holy, rC+ SInv}
rCold    + . .     Gourm    .   (no shield)
rNeg     + . .     Faith    .   n - +0 chain mail
rPois    +         Spirit   .   (helmet restricted)
rElec    .         Reflect  .   j - +0 cloak
rCorr    .         Harm     .   N - +0 pair of gloves
MR       .....                  F - +0 pair of boots of Wrong Decisions {rN+ Str+2 Slay+3}
Stlth    ..........             D - amulet of regeneration
HPRegen  0.64/turn              u - ring of poison resistance
MPRegen  0.11/turn              (no ring)

@: about to teleport, slowed, very slow
A: retaliatory headbutt, horns 2
a: Berserk, Trog's Hand, Brothers in Arms, Renounce Religion


You were on level 12 of the Dungeon.
You worshipped Trog.
Trog was greatly pleased with you.
You were very hungry.

You visited 2 branches of the dungeon, and saw 12 of its levels.

You collected 394 gold pieces.
You spent 90 gold pieces at shops.

Inventory:

Hand Weapons
 a - a +0 flail
 b - the +9 trident "Foap" (weapon) {holy, rC+ SInv}
   (You found it on level 5 of the Dungeon)

   It has been blessed by the Shining One to cause great damage to the undead
   and demons.
   It protects you from cold.
   It lets you see invisible.
 x - a +0 mace
 A - a +0 battleaxe
Armour
 j - a +0 cloak (worn)
 n - a +0 chain mail (worn)
 q - a +0 scale mail
 E - the +1 pair of gloves of Bad Feelings {rF+}
   (You found it on level 5 of the Dungeon)

   It protects you from fire.
 F - the +0 pair of boots of Wrong Decisions (worn) {rN+ Str+2 Slay+3}
   (You found it on level 5 of the Dungeon)

   It affects your strength (+2).
   It affects your accuracy and damage with ranged weapons and melee attacks
   (+3).
   It protects you from negative energy.
 H - a +0 plate armour
 M - +0 steam dragon scales
 N - a +0 pair of gloves (worn)
Jewellery
 u - a ring of poison resistance (left hand)
 D - an amulet of regeneration (around neck)
 P - an uncursed amulet of reflection {unknown}
Wands
 t - a wand of clouds (14)
 I - a wand of paralysis (9)
 K - a wand of polymorph (8)
Scrolls
 g - 2 scrolls of fear {unknown}
 i - 3 scrolls of remove curse {unknown}
 l - 7 scrolls of identify
 o - 3 scrolls of enchant armour {unknown}
 r - 2 scrolls of teleportation
 s - 3 scrolls of immolation {unknown}
 y - a scroll of random uselessness {unknown}
 G - 2 scrolls of enchant weapon {unknown}
 J - a scroll of vulnerability {unknown}
Potions
 d - 3 potions of heal wounds
 e - 2 potions of stabbing {unknown}
 f - 2 potions of flight {unknown}
 h - 4 potions of curing
 k - 2 potions of lignification {unknown}
 m - 3 potions of magic {unknown}
 p - 4 potions of degeneration
 v - 2 potions of berserk rage {unknown}
 z - a potion of mutation {unknown}
 B - a potion of ambrosia {unknown}
 C - 2 potions of might {unknown}
 L - 3 potions of cancellation {unknown}
 O - a potion of haste {unknown}
Comestibles
 c - 16 rations
 w - 2 chunks of flesh


   Skills:
 * Level 11.2 Fighting
 - Level 6.5 Maces & Flails
 * Level 9.8 Polearms
 - Level 6.0 Armour
 - Level 4.1 Dodging


You had 8 spell levels left.
You didn't know any spells.
Your spell library was empty.

Dungeon Overview and Level Annotations

Branches:
Dungeon (12/15)            Temple (1/1) D:4             Orc (0/2) D:9
   Lair: D:8-11

Altars:
Ashenzari
Cheibriados
Dithmenos
Elyvilon
Fedhas
Gozag
Hepliaklqana
Kikubaaqudgha
Makhleb
Nemelex Xobeh
Okawaru
Qazlal
Ru
Sif Muna
Trog
Uskayaw
Vehumet
Wu Jian
Xom
Yredelemnul
Zin
The Shining One

Shops:
D:6 !


Innate Abilities, Weirdness & Mutations

You reflexively headbutt those who attack you in melee.
You have a pair of horns on your head.


Message History

You see here an arrow.
A centaur warrior skeleton comes into view.
The unseen horror hits you but does no damage.
The adder bites you but does no damage.
The centaur shoots an arrow.
The arrow hits you. The adder bites you but does no damage.
The two-headed ogre hits you with a +0 giant club. x2
* * * LOW HITPOINT WARNING * * *
The centaur shoots an arrow.
The arrow hits you but does no damage.
You see here 2 arrows.
As you read the scroll of teleportation, it crumbles to dust.
You feel strangely unstable.
The unseen horror hits you but does no damage.
The unseen horror hits you.
* * * LOW HITPOINT WARNING * * *
The adder misses you.
The centaur shoots an arrow.
The arrow hits you!
* * * LOW HITPOINT WARNING * * *
The two-headed ogre hits you with a +0 giant club!
* * * LOW HITPOINT WARNING * * *
The two-headed ogre hits you with a +0 giant club!
You die...

#......... #........#
#........# #........#
#........# #
#........###+###
#.(.............
.##++####9..............
.(.....@OS..............
...Z...xW...............
........Z...............
....c....############...
.........# #...
.........# #...
.........# #...
.........# +... .......


You could see a two-headed ogre, a freezing wraith, an unseen horror
(invisible), a gargoyle, a centaur, an adder, a wyvern zombie and a centaur
warrior skeleton.

Vanquished Creatures
  Pikel (D:8)
  Joseph (D:8)
  Maggie (D:8)
  Duvessa (D:5)
  A slave (D:8)
  2 orc warriors
  2 necrophages
  3 ogres
  3 centaurs
  3 bullfrogs
  Dowan (D:5)
  A scorpion (D:6)
  3 howler monkeys (D:7)
  3 crimson imps
  A centaur zombie (D:8)
  3 hounds
  A quasit (D:7)
  2 bullfrog skeletons
  A jelly (D:5)
  4 orc priests
  2 centaur skeletons (D:8)
  4 orc wizards
  7 worker ants
  Crazy Yiuf (D:2)
  Terence (D:2)
  2 iguanas
  A killer bee zombie (D:8)
  A hound zombie (D:4)
  A hound skeleton (D:4)
  Robin (D:2)
  10 adders
  A howler monkey skeleton (D:5)
  5 shadow imps
  2 oozes
  2 adder skeletons (D:4)
  A worm (D:2)
  4 dart slugs
  3 leopard geckos
  28 orcs
  6 giant cockroaches
  12 goblins (D:2)
  8 hobgoblins
  4 jackals
  7 kobolds
  2 quokkas
  2 ball pythons
  5 bats
  8 frilled lizards
  A quokka zombie (D:8)
  12 rats
182 creatures vanquished.

Vanquished Creatures (collateral kills)
  An orc (D:9)
1 creature vanquished.

Grand Total: 183 creatures vanquished

Notes
Turn   | Place    | Note
-------+----------+-------------------------------------------
     0 | D:1      | eugo the Minotaur Berserker began the quest for the Orb.
     0 | D:1      | Reached XP level 1. HP: 19/19 MP: 0/0
   143 | D:1      | Reached skill level 4 in Fighting
   143 | D:1      | Reached XP level 2. HP: 21/27 MP: 1/1
   776 | D:2      | Reached XP level 3. HP: 32/34 MP: 2/2
   804 | D:2      | Found a shimmering blue altar of Sif Muna.
   861 | D:2      | Reached ** piety under Trog
  1055 | D:2      | Noticed Robin
  1160 | D:2      | Killed Robin
  1160 | D:2      | Reached XP level 4. HP: 32/41 MP: 3/3
  1256 | D:2      | Reached skill level 5 in Fighting
  1535 | D:2      | Noticed Terence
  1542 | D:2      | Killed Terence
  1796 | D:2      | Found a runed translucent door.
  1797 | D:2      | Noticed Crazy Yiuf
  1806 | D:2      | Killed Crazy Yiuf
  1806 | D:2      | Reached XP level 5. HP: 19/48 MP: 4/4
  2202 | D:2      | Found a glowing golden altar of the Shining One.
  2494 | D:3      | Reached *** piety under Trog
  2650 | D:3      | Found a bloodstained altar of Trog.
  2832 | D:3      | Found an opulent altar of Gozag.
  2833 | D:3      | Found a basalt altar of Yredelemnul.
  3028 | D:3      | Reached skill level 6 in Fighting
  3037 | D:4      | Found a staircase to the Ecumenical Temple.
  3037 | D:4      | Found a sparkling altar of Nemelex Xobeh.
  3149 | D:4      | Found a blossoming altar of Fedhas.
  3294 | D:4      | Reached XP level 6. HP: 51/57 MP: 5/5
  3823 | D:4      | Found an ornate altar of the Wu Jian Council.
  4091 | Temple   | Entered the Ecumenical Temple
  4188 | D:5      | Entered Level 5 of the Dungeon
  4250 | D:5      | Reached skill level 7 in Fighting
  4250 | D:5      | Reached skill level 5 in Maces & Flails
  4446 | D:5      | Reached XP level 7. HP: 34/66 MP: 6/6
  4641 | D:5      | Noticed Duvessa
  4641 | D:5      | Noticed Dowan
  4650 | D:5      | Killed Duvessa
  4664 | D:5      | Killed Dowan
  4711 | D:5      | Reached skill level 8 in Fighting
  4756 | D:5      | Got a pair of brightly glowing gloves
  4762 | D:5      | Identified the +1 pair of gloves of Bad Feelings {rF+} (You
                  | found it on level 5 of the Dungeon)
  4773 | D:5      | Got a pair of heavily runed boots
  4775 | D:5      | Got an ancient trident
  4786 | D:5      | Identified the +0 pair of boots of Wrong Decisions {rN+
                  | Str+2 Slay+3} (You found it on level 5 of the Dungeon)
  4786 | D:5      | Identified the +9 trident "Foap" {holy, rC+ SInv} (You
                  | found it on level 5 of the Dungeon)
  4799 | D:5      | Reached skill level 1 in Polearms
  4839 | D:5      | Found Zin's Purification Station.
  4844 | D:5      | Found a glowing silver altar of Zin.
  4847 | D:5      | Bought a potion of curing for 90 gold pieces
  5696 | D:6      | Reached XP level 8. HP: 47/73 MP: 7/7
  6035 | D:6      | Found Paskuwas's Distillery.
  6069 | D:6      | Reached skill level 5 in Polearms
  6466 | D:6      | Found a sacrificial altar of Ru.
  6537 | D:6      | Reached **** piety under Trog
  6640 | D:7      | Reached skill level 5 in Armour
  6678 | D:7      | Found a radiant altar of Vehumet.
  6775 | D:7      | Reached skill level 9 in Fighting
  7532 | D:7      | Reached XP level 9. HP: 80/82 MP: 8/8
  7575 | D:8      | Noticed a -1 dagger
  7577 | D:8      | Noticed a +0 hand axe
  7579 | D:8      | Found a hide-covered altar of Uskayaw.
  7596 | D:8      | Noticed Joseph
  7693 | D:8      | Killed Joseph
  7693 | D:8      | Reached skill level 10 in Fighting
  7742 | D:8      | Noticed Maggie
  7754 | D:8      | Killed Maggie
  7887 | D:8      | Found a snail-covered altar of Cheibriados.
  7980 | D:8      | Noticed Pikel
  7988 | D:8      | Killed Pikel
  7988 | D:8      | Reached skill level 11 in Fighting
  8335 | D:9      | Found a staircase to the Orcish Mines.
  8335 | D:9      | You fall into a shaft and drop 3 floors!
  8335 | D:12     | Noticed a troll
  8354 | D:11     | Noticed a two-headed ogre
  8360 | D:11     | Noticed a cyclops
  8385 | D:11     | Noticed a yaktaur
  8385 | D:11     | Noticed a yaktaur
  8385 | D:11     | Noticed a yaktaur
  8394 | D:11     | Noticed a freezing wraith
  8396 | D:11     | Noticed a freezing wraith
  8397 | D:11     | Noticed a freezing wraith
  8397 | D:11     | Noticed a phantasmal warrior
  8397 | D:11     | Noticed a death knight
  8414 | D:12     | Noticed a gargoyle
  8424 | D:12     | Noticed an unseen horror
  8439 | D:12     | HP: 1/88 [two-headed ogre/+0 giant club (9)]
  8439 | D:12     | Mangled by a two-headed ogre

Illustrated notes

Levels and vault maps discovered:
D:1:      minmay_arrival_four_houses, layout_basic
D:2:      minmay_spotlight, layout_basic, old_standard_altar,
          lemuel_crystal_altar, uniq_robin, uniq_crazy_yiuf_cottage,
          uniq_terence
D:3:      layout_loops_cross, old_standard_altar,
          gammafunk_temple_overflow_statue, first_ration
D:4:      layout_layer_cave, overflow_temple_1_default, kennysheep_mini_moat,
          fedhas_altar_2, minmay_temple_entry_glass
D:5:      minmay_inner_zag, layout_basic, zin_purify, nicolae_underground_beach,
          uniq_duvessa
D:6:      layout_loops_ring, nicolae_ru_great_annihilating_truth, serial_shops,
          shop, st_stairs_9
D:7:      layout_cave_pods, vehumet_crystals
D:8:      layout_rooms, dancing_weapons_uskayaw, lemuel_doored_altar,
          uniq_joseph, uniq_maggie, uniq_pikel
D:9:      layout_layer_cave, minmay_orc_entry_guard_dogs
D:11:     layout_loops_ring, grunt_pizzeria
D:12:     lemuel_castle_with_subvaults [lemuel_castle_interior_original],
          layout_irregular_city
Temple:   jpeg_temple_island

Skill      XL: |  1  2  3  4  5  6  7  8  9 |
---------------+----------------------------+-----
Fighting       | 4 5 6 7 8 9 11 | 11.2
Dodging        | 3 4 |  4.1
Armour         | 3 4 5 6 |  6.0
Maces & Flails | 4 5 6 |  6.5
Polearms       | 3 7 9 |  9.8

Action                   |  1- 3 |  4- 6 |  7- 9 || total
-------------------------+-------+-------+-------++-------
Melee: Mace              |    70 |    86 |       ||   156
       Headbutt          |     9 |    24 |    34 ||    67
       Flail             |       |    35 |    42 ||    77
       Trident           |       |       |   133 ||   133
Invok: Berserk           |     1 |     1 |     2 ||     4
       Trog's Hand       |       |       |     1 ||     1
Evoke: Phantom mirror    |       |       |     1 ||     1
  Use: Scroll            |       |       |     4 ||     4
 Stab: Sleeping          |     1 |       |       ||     1
       Paralysed         |       |       |     1 ||     1
  Eat: Ration            |     1 |       |     1 ||     2
       Chunk             |       |    10 |    10 ||    20
Armor: Animal skin       |    11 |     1 |       ||    12
       Scale mail        |       |    35 |    23 ||    58
       Chain mail        |       |       |    83 ||    83
Dodge: Dodged            |    46 |    81 |   117 ||   244
